 Dungeon Crawl Stone Soup version 0.19.0-18-g426998a (webtiles) character file.

89 Andry07 the Skirmisher (level 4, 0/32 HPs)
             Began as a Gargoyle Fighter on Nov 11, 2016.
             Slain by a crimson imp (3 damage)
             ... on level 7 of the Dungeon.
             The game lasted 00:01:47 (1858 turns).

Andry07 the Skirmisher (Gargoyle Fighter)           Turns: 1858, Time: 00:01:48

Health: 0/32       AC: 10    Str: 20    XL:     4   Next: 55%
Magic:  4/4        EV:  7    Int:  9    God:
Gold:   138        SH:  9    Dex:  9    Spells: 0 memorised, 3 levels left

rFire  . . .     SeeInvis .     a - +0 war axe
rCold  . . .     Gourm    .     b - +0 scale mail
rNeg   + . .     Faith    .     c - +0 shield
rPois  ∞         Spirit   .     (no helmet)
rElec  +         Reflect  .     (no cloak)
rCorr  .         Harm     .     (no gloves)
MR     .....                    (no boots)
Stlth  ..........               (no amulet)
                                (no ring)
                                (no ring)

@: no status effects
A: negative energy resistance 1, electricity resistance, unbreathing,
petrification resistance, rot immunity, AC +3
a: no special abilities


You were on level 7 of the Dungeon.
You were hungry.

You visited 1 branch of the dungeon, and saw 5 of its levels.

You collected 138 gold pieces.

Inventory:

Hand Weapons
 a - a +0 war axe (weapon)
Armour
 b - a +0 scale mail (worn)
 c - a +0 shield (worn)
Wands
 q - a wand of acid (8/15)
Scrolls
 e - 4 scrolls of identify {unknown}
 h - 2 scrolls of magic mapping {unknown}
 i - a scroll of immolation {unknown}
 j - 5 scrolls of remove curse {unknown}
 m - a scroll of enchant weapon {unknown}
 n - a scroll of recharging {unknown}
 r - a scroll of fog {unknown}
Potions
 d - a potion of might
 g - 2 potions of flight {unknown}
 l - a potion of heal wounds {unknown}
 o - 2 potions of curing {unknown}
 p - 2 potions of agility {unknown}
Comestibles
 f - 2 bread rations
 k - a beef jerky


   Skills:
 + Level 5.7 Fighting
 - Level 1.7 Axes
 - Level 3.2 Armour
 - Level 3.2 Shields


You had 3 spell levels left.
You didn't know any spells.

Dungeon Overview and Level Annotations

Branches:
Dungeon (7/15)
 Temple: D:4-7

Altars:


Innate Abilities, Weirdness & Mutations

You are resistant to torment.
Your stone body is resilient. (AC +3)
You are immune to poison.
You resist negative energy. (rN+)
You are resistant to electric shocks. (rElec)
You can survive without breathing.
You are immune to petrification.
You are immune to rotting.


Message History

* * * LOW HITPOINT WARNING * * *
The crimson imp hits you but does no damage.
You slash the yak!
The yak is moderately wounded.
You barely miss the crimson imp. You block the crimson imp's attack.
The yak gores you but does no damage.
You closely miss the yak.
The yak is moderately wounded.
You closely miss the crimson imp. The crimson imp closely misses you.
The yak closely misses you. You block the crimson imp's attack.
The yak gores you.
* * * LOW HITPOINT WARNING * * *
You hit the yak but do no damage.
The yak is moderately wounded.
You hit the crimson imp. The crimson imp barely misses you.
You block the yak's attack.
You slash the yak!
The yak is heavily wounded.
You closely miss the crimson imp. The crimson imp hits you.
You die...

#. #.
#.. ###
#.. ..#
#.>###
#.#
...#
#5#
#.###@#
#...Y.#
#<....#
#####.#
#.# #+#


You could see a yak and a crimson imp.

Vanquished Creatures
  A crimson imp (D:6)
  An adder (D:2)
  An ooze (D:2)
  A worm (D:2)
  A dart slug (D:2)
  A leopard gecko (D:1)
  2 orcs
  5 bats
  2 giant cockroaches (D:2)
  6 jackals
  2 frilled lizards
  2 goblins (D:2)
  4 kobolds
  A quokka skeleton (D:6)
  5 rats
35 creatures vanquished.

Notes
Turn   | Place    | Note
-------+----------+-------------------------------------------
     0 | D:1      | Andry07 the Gargoyle Fighter began the quest for the Orb.
     0 | D:1      | Reached XP level 1. HP: 14/14 MP: 1/1
   740 | D:1      | Reached XP level 2. HP: 14/20 MP: 2/2
   924 | D:2      | Reached skill level 4 in Fighting
  1042 | D:2      | Reached XP level 3. HP: 24/24 MP: 3/3
  1604 | D:3      | Reached skill level 5 in Fighting
  1637 | D:3      | You fall through a shaft for 3 floors!
  1803 | D:6      | Reached XP level 4. HP: 23/32 MP: 4/4
  1822 | D:6      | Noticed a yak
  1823 | D:6      | Noticed a yak
  1824 | D:6      | Noticed a yak
  1858 | D:7      | Slain by a crimson imp

Skill      XL: |  1  2  3 |
---------------+----------+-----
Fighting       | 4 5 |  5.7
Axes           | |  1.7
Armour         | |  3.2
Shields        | |  3.2

Action                   |  1- 3 |  4- 6 || total
-------------------------+-------+-------++-------
Melee: War axe           |   161 |    10 ||   171
  Eat: Beef jerky        |     1 |       ||     1
       Chunk             |     1 |       ||     1
Armor: Scale mail        |   103 |     4 ||   107
Dodge: Dodged            |    66 |     5 ||    71
Block: Shield            |    88 |     6 ||    94
